 Dungeon Crawl Stone Soup version 0.29-a0-275-g389c0b56f3 (webtiles) character file.

Game seed: 13494055642267564881

379 jmlagarto the Vandal (level 6, -6/52 HPs)
             Began as a Minotaur Hunter on Mar 10, 2022.
             Was an Initiate of Okawaru.
             Mangled by a killer bee (11 damage)
             ... on level 4 of the Dungeon.
             The game lasted 00:10:01 (4061 turns).

jmlagarto the Vandal (Minotaur Hunter)              Turns: 4061, Time: 00:10:02

Health: -6/52      AC:  5    Str: 22    XL:     6   Next: 45%
Magic:  5/5        EV: 11    Int:  8    God:    Okawaru [......]
Gold:   191        SH:  0    Dex: 13    Spells: 5/5 levels left

rFire   . . .      SeeInvis +   a - +1 hunting sling
rCold   . . .      Faith    .   (no shield)
rNeg    . . .      Spirit   .   p - +0 ring mail of the Harvest {+Blink SInv}
rPois   .          Reflect  .   (helmet restricted)
rElec   .          Harm     .   (no cloak)
rCorr   .          Rampage  .   (no gloves)
Will    .....                   (no boots)
Stlth   +.........              (no amulet)
HPRegen 0.17/turn               k - +6 ring of strength
MPRegen 0.09/turn               n - ring of flight

@: lethally poisoned (-6 -> -30), about to teleport, flying
A: horns 2, retaliatory headbutt
a: Renounce Religion, Evoke Blink


You were on level 4 of the Dungeon.
You worshipped Okawaru.
Okawaru was noncommittal.
You visited 1 branch of the dungeon, and saw 5 of its levels.

You collected 191 gold pieces.

Inventory:

Hand Weapons
 a - a +1 hunting sling (weapon)
 i - a +1 flail of draining
 o - a +0 vorpal hand axe
Missiles
 j - 52 stones
Armour
 b - a +0 leather armour
 p - the +0 ring mail of the Harvest (worn) {+Blink SInv}
   (You found it on level 4 of the Dungeon)

   SInv:      It lets you see invisible.
   +Blink:    It lets you blink.
Jewellery
 h - an amulet of magic regeneration
 k - a +6 ring of strength (left hand)
 n - a ring of flight (right hand)
Scrolls
 c - a scroll of immolation
 e - a scroll of enchant armour {unknown}
 f - a scroll of amnesia {unknown}
 q - a scroll of brand weapon {unknown}
Potions
 g - a potion of heal wounds
 l - a potion of curing {unknown}
 m - a potion of berserk rage {unknown}
 r - a potion of lignification {unknown}
 s - a potion of brilliance


   Skills:
 + Level 3.7 Fighting
 * Level 0.5 Maces & Flails
 + Level 7.3 Slings
 + Level 2.7 Armour
 + Level 2.9 Dodging
 - Level 0.7 Stealth


You had 5 spell levels left.
You didn't know any spells.
Your spell library contained the following spells:

 Spells                   Type           Power      Damage    Failure   Level
 Foxfire                  Conj/Fire      0%         2x1d4     56%         1
 Ensorcelled Hibernation  Hex/Ice        0%         N/A       71%         2
 Passwall                 Tmut/Erth      0%         N/A       71%         2
 Scorch                   Fire           0%         2d5       71%         2
 Conjure Flame            Conj/Fire      0%         6-21      90%         3
 Inner Flame              Hex/Fire       0%         N/A       90%         3
 Ozocubu's Armour         Ice            0%         N/A       90%         3
 Swiftness                Air            0%         N/A       90%         3
 Flame Wave               Conj/Fire      0%         2d4       100%        4
 Ozocubu's Refrigeration  Ice            0%         4d5       100%        7
 Summon Cactus Giant      Summ           Unusable   N/A       N/A         6

Dungeon Overview and Level Annotations

Branches:
Dungeon (5/15)
 Temple: D:4-7

Altars:
Gozag
Okawaru
Sif Muna
Wu Jian
Xom
Yredelemnul
Zin


Innate Abilities, Weirdness & Mutations

You have a pair of horns on your head.
You reflexively headbutt those who attack you in melee.


Message History

You feel very sick. The killer bee closely misses you.
The killer bee barely misses you. The killer bee stings you.
A jackal comes into view.
Gozag incites the jackal against you.
The jackal goes berserk!
The killer bee stings you.
You are lethally poisoned!
The killer bee poisons you! The killer bee barely misses you.
The killer bee attacks as you move away!
The killer bee barely misses you.
A jackal comes into view.
Gozag incites the jackal against you.
The jackal goes berserk!
* * * LOW HITPOINT WARNING * * *
You feel very sick.
The jackal rages.
The killer bee barely misses you. The killer bee misses you.
The killer bee barely misses you.
The killer bee attacks as you move away!
The killer bee barely misses you.
The killer bee attacks as you move away!
The killer bee barely misses you.
The killer bee attacks as you move away!
The killer bee misses you. You furiously retaliate!
You headbutt the killer bee.
The killer bee attacks as you move away!
The killer bee closely misses you. You furiously retaliate!
You headbutt the killer bee!
A jackal comes into view.
* * * LOW HITPOINT WARNING * * *
You feel very sick.
The jackal barks!
The killer bee rages.
The killer bee barely misses you. The jackal completely misses you.
The jackal bites you but does no damage.
The killer bee stings you!
* * * LOW HITPOINT WARNING * * *
You are more poisoned.
The killer bee poisons you! The killer bee stings you!
You die...

## #.....##......#
##.####(........#..##
.#.....#...)....###.##
.....................##
......................#
.h.........###........#
#...h.yyy..##........##
#...yhy......#.......#
#...h@####...#........ $
.........#####.........#
...#......#.###......###
.. ##........###).....#
##.....<......#...#
...#.........##.###
.##.........#### .#
#......#...####
##......##.##..


You could see 5 killer bees and 4 jackals.

Vanquished Creatures
  Sigmund (D:3)
  A jelly (D:4)
  Jessica (D:2)
  Ijyb (D:3)
  Terence (D:3)
  An iguana (D:4)
  An adder (D:3)
  3 worms
  3 dart slugs
  4 orcs
  A bat (D:2)
  8 endoplasms
  A giant cockroach (D:2)
  4 goblins
  9 hobgoblins
  2 jackals (D:1)
  2 quokkas
  7 ball pythons
  A frilled lizard (D:2)
  8 kobolds
  A rat (D:2)
  A spectral orc (D:3)
62 creatures vanquished.

Notes
Turn   | Place    | Note
-------+----------+-------------------------------------------
     0 | D:1      | jmlagarto the Minotaur Hunter began the quest for the Orb.
     0 | D:1      | Reached XP level 1. HP: 18/18 MP: 0/0
   570 | D:1      | Reached XP level 2. HP: 20/25 MP: 1/1
   741 | D:1      | Reached skill level 5 in Slings
  1435 | D:2      | Reached XP level 3. HP: 29/30 MP: 2/2
  1834 | D:2      | Noticed Jessica
  1836 | D:2      | Killed Jessica
  1837 | D:2      | Reached XP level 4. HP: 37/37 MP: 3/3
  1931 | D:3      | Found a shimmering altar of Xom.
  2028 | D:3      | Reached skill level 1 in Armour
  2049 | D:3      | Noticed Ijyb
  2050 | D:3      | Paralysed by something for 2 turns
  2061 | D:3      | Reached skill level 6 in Slings
  2078 | D:3      | Killed Ijyb
  2251 | D:3      | Found a faded altar of an unknown god.
  2260 | D:3      | Prayed at the altar of an unknown god.
  2260 | D:3      | Became a worshipper of Gozag Ym Sagoz the Greedy
  2345 | D:3      | Noticed Terence
  2356 | D:3      | Killed Terence
  2357 | D:3      | Reached XP level 5. HP: 36/45 MP: 4/4
  2436 | D:3      | Found an ornate altar of the Wu Jian Council.
  2443 | D:3      | Noticed a spectral centipede
  2443 | D:3      | Noticed a spectral black mamba
  2443 | D:3      | Noticed a spectral cane toad
  2573 | D:3      | Found a basalt altar of Yredelemnul.
  2694 | D:3      | You fall into a shaft and drop 2 floors!
  2694 | D:5      | Entered Level 5 of the Dungeon
  3014 | D:4      | Identified the +0 ring mail of the Harvest {+Blink SInv}
  3042 | D:3      | Noticed Sigmund
  3050 | D:3      | Killed Sigmund
  3051 | D:3      | Reached skill level 7 in Slings
  3051 | D:3      | Reached XP level 6. HP: 12/51 MP: 5/5
  3287 | D:3      | Found a shimmering blue altar of Sif Muna.
  3287 | D:3      | Found an iron altar of Okawaru.
  3295 | D:3      | Found a glowing silver altar of Zin.
  3298 | D:3      | Fell from the grace of Gozag
  3298 | D:3      | Became a worshipper of Warmaster Okawaru
  3302 | D:3      | Found a faded altar of an unknown god.
  3304 | D:3      | Found a faded altar of an unknown god.
  4061 | D:4      | Mangled by a killer bee

Illustrated notes

Levels and vault maps discovered:
D:1:      mrwooster_arrival_arrow, layout_basic
D:2:      layout_basic, uniq_jessica
D:3:      layout_loops_ring, yredelemnul_forgotten_temple_becter,
          pdpol_wu_jian_five_deadly_venoms, chequers_temple_overflow_minitemple,
          xom_teletrap_fun, hellmonk_ecumenical_altar_run_dry, st_stairs_13,
          uniq_terence, uniq_ijyb, uniq_sigmund
D:4:      layout_cave_pools
D:5:      layout_loops_corners, mainiacjoe_overflow_large_starburst,
          minmay_temple_entry_junction, uniq_menkaure, uniq_blork_the_orc

Skill      XL: |  1  2  3  4  5 |
---------------+----------------+-----
Slings         | 5 6 7 |  7.3
Armour         | 1 2 |  2.7
Fighting       | 3 |  3.7
Maces & Flails | |  0.5
Dodging        | |  2.9
Stealth        | |  0.7

Action                   |  1- 3 |  4- 6 || total
-------------------------+-------+-------++-------
Melee: Hunting sling     |       |     1 ||     1
       Flail             |       |    14 ||    14
       Headbutt          |       |     2 ||     2
 Fire: Hunting sling     |   100 |    94 ||   194
  Use: Potion            |       |     3 ||     3
       Scroll            |       |     2 ||     2
Armor: Leather armour    |     3 |     6 ||     9
       Ring mail         |       |     5 ||     5
Dodge: Dodged            |    27 |    57 ||    84

Table legend: (Time is in decaauts)
 A = Elapsed time spent in this place.
 B = Non-inter-level travel time spent in this place.
 C = Inter-level travel time spent in this place.
 D = Time resting spent in this place.
 E = Time spent auto-exploring this place.
 F = Levels seen in this place.
 G = Mean time per level.
                   A        B        C        D        E       F      G
               +--------+--------+--------+--------+--------+-----+--------+
         Total |   4111 |   4035 |     76 |    300 |   3209 |   5 |  822.2 |
       Dungeon |   4111 |   4035 |     76 |    300 |   3209 |   5 |  822.2 |
               +--------+--------+--------+--------+--------+-----+--------+

Top non-repeatable levels by time:
     D:3: 1434 daAuts
     D:1: 1088 daAuts
     D:2: 832 daAuts
     D:4: 710 daAuts
     D:5: 45 daAuts
